 Dungeon Crawl Stone Soup version 0.25-b1-37-g2669288c55 (webtiles) character file.

Game seed: 3021788925759464169

8885 gruber the Covert (level 11, -13/75 HPs)
             Began as an Octopode Conjurer on June 5, 2020.
             Was a Priest of Vehumet.
             Killed from afar by a gargoyle (26 damage)
             ... with a stone arrow
             ... on level 10 of the Dungeon.
             The game lasted 00:22:33 (13615 turns).

gruber the Covert (Octopode Conjurer)              Turns: 13615, Time: 00:22:34

Health: -13/75     AC:  3    Str:  7    XL:     11   Next: 37%
Magic:  1/21       EV: 13    Int: 21    God:    Vehumet [***...]
Gold:   327        SH:  6    Dex: 15    Spells: 5/24 levels left

rFire    + . .     SeeInvis .   B - +6 rapier "Nuhown" {vorpal, Dex+2}
rCold    . . .     Gourm    .   A - +0 buckler
rNeg     . . .     Faith    .   x - +2 hat
rPois    .         Spirit   .   (no amulet)
rElec    .         Reflect  .   s - ring of protection from fire
rCorr    .         Harm     .   r - ring of wizardry
MR       .....                  (no ring)
Stlth    +++++.....             (no ring)
HPRegen  0.22/turn              (no ring)
MPRegen  0.17/turn              (no ring)
                                (no ring)
                                (no ring)

@: no status effects
A: almost no armour, stealthy swim, amphibious, 8 rings, constrict 8, camouflage
1, gelatinous body 1
a: Renounce Religion


You were on level 10 of the Dungeon.
You worshipped Vehumet.
Vehumet was most pleased with you.
You were not hungry.

You visited 1 branch of the dungeon, and saw 10 of its levels.

You collected 535 gold pieces.
You spent 208 gold pieces at shops.

Inventory:

Hand Weapons
 B - the +6 rapier "Nuhown" (weapon) {vorpal, Dex+2}
   (You found it on level 7 of the Dungeon)

   It inflicts extra damage upon your enemies.
   It affects your dexterity (+2).
Armour
 x - a +2 hat (worn)
 A - a +0 buckler (worn)
Jewellery
 r - a ring of wizardry (right tentacle)
 s - a ring of protection from fire (left tentacle)
 E - an uncursed amulet of magic regeneration
 L - an uncursed amulet of faith
Wands
 a - a wand of enslavement (12)
 o - a wand of acid (2)
 t - a wand of random effects (8)
 y - a wand of polymorph (20)
 G - a wand of flame (12)
Scrolls
 c - 2 scrolls of magic mapping {unknown}
 d - 4 scrolls of noise {unknown}
 e - 5 scrolls of enchant armour
 f - 6 scrolls of teleportation {unknown}
 g - a scroll of identify
 h - 6 scrolls of remove curse
 i - 4 scrolls of enchant weapon {unknown}
 j - 3 scrolls of fear {unknown}
 m - 2 scrolls of fog {unknown}
 n - a scroll of random uselessness {unknown}
 D - 2 scrolls of vulnerability {unknown}
 I - a scroll of summoning {unknown}
 K - a scroll of immolation {unknown}
 N - a scroll of amnesia {unknown}
Potions
 k - 2 potions of mutation
 l - a potion of cancellation
 p - a potion of might
 q - 2 potions of ambrosia
 u - a potion of curing
 v - 2 potions of brilliance
 w - a potion of lignification
 z - a potion of heal wounds
 C - 2 potions of haste
 F - a potion of flight
 H - a potion of degeneration {unknown}
 J - a potion of stabbing {unknown}
Comestibles
 b - 21 rations
 M - 2 chunks of flesh


   Skills:
 - Level 7.3 Fighting
 - Level 2.0 Dodging
 - Level 10.0 Stealth
 - Level 7.5 Shields
 - Level 7.2 Spellcasting
 - Level 9.1 Conjurations
 * Level 3.1 Ice Magic
 - Level 3.1 Earth Magic


You had 5 spell levels left.
You knew the following spells:

 Your Spells              Type           Power        Failure   Level  Hunger
a - Magic Dart            Conj           ####         1%          1    None
b - Searing Ray           Conj           #####.       1%          2    None
c - Dazzling Flash        Conj/Hex       ####..       1%          3    None
d - Stone Arrow           Conj/Erth      ####..       1%          3    None
e - Petrify               Tmut/Erth      ##......     17%         4    ###....
f - Frozen Ramparts       Ice            ###...       1%          3    None
g - Mephitic Cloud        Conj/Pois/Air  ###.....     1%          3    None

Your spell library contained the following spells:

 Spells                   Type           Power        Failure   Level  Hunger
 Sandblast                Erth           ###...       1%          1    None
 Fulminant Prism          Conj/Hex       ####......   1%          4    ###....
 Iskenderun's Mystic Bla  Conj/Tloc      ####....     1%          4    ###....
 Passwall                 Tmut/Erth      ##......     2%          2    None
 Summon Small Mammal      Summ           #...         3%          1    None
 Call Imp                 Summ           #.......     5%          2    None
 Lee's Rapid Deconstruct  Erth           ###.......   8%          5    #####..
 Call Canine Familiar     Summ           #.......     11%         3    None
 Confusing Touch          Hex            #.......     11%         3    None
 Gell's Gravitas          Tloc           #.........   11%         3    None
 Summon Guardian Golem    Hex/Summ       #.......     11%         3    None
 Summon Ice Beast         Ice/Summ       ##......     17%         4    ###....
 Yara's Violent Unravell  Hex/Tmut       #.........   24%         5    #####..
 Summon Lightning Spire   Summ/Air       #.......     32%         4    ###....
 Metabolic Englaciation   Hex/Ice        ##........   43%         5    #####..


Dungeon Overview and Level Annotations

Branches:
Dungeon (10/15)            Temple (0/1) D:7
   Lair: D:8-11         Orc: D:9-12

Altars:
Ashenzari
Cheibriados
Dithmenos
Elyvilon
Fedhas
Gozag
Kikubaaqudgha
Nemelex Xobeh
Qazlal
Ru
Sif Muna
Trog
Uskayaw
Vehumet
Xom
Zin
The Shining One

Shops:
D:6 *


Innate Abilities, Weirdness & Mutations

You cannot wear most types of armour.
You are very stealthy in the water. (Stealth+)
You are amphibious.
You can wear up to eight rings at the same time.
You can use your tentacles to constrict eight enemies at once.
Your skin changes colour to match your surroundings (Stealth+).
Your rubbery body absorbs attacks. (AC +1, EV +1)


Message History

The gargoyle is moderately damaged.
The searing ray hits the gargoyle but does no damage.
The gargoyle is moderately damaged.
You finish channeling your searing ray.
An electric eel comes into view.
You hit the gargoyle but do no damage. You grab the gargoyle.
You squeeze the gargoyle, but do no damage.
The gargoyle is moderately damaged.
You constrict the gargoyle, but do no damage.
The gargoyle hits you with a +0 mace!
The electric eel shoots out a bolt of lightning at you!
The bolt of electricity hits you!
Unknown command.
You release your grip on the gargoyle.
The gargoyle hurls a stone arrow at you.
The stone arrow hits you!!
* * * LOW HITPOINT WARNING * * *
The gargoyle hurls a stone arrow at you.
The stone arrow hits you!!
You die...

#...#....#.......####.....#
#...#....#..........#.....#
...#....#..........#.....##.
#....#..................Z
#....#..................≈
#.####...........†≈≈..≈≈≈
#.#............9≈≈≈≈≈≈≈≈≈
#.#............≈≈≈≈≈≈≈≈≈≈
#####.#.........@.....≈≈≈≈...
......#...(........≈≈≈≈≈≈≈≈..
#.....####'######............
#..................≈≈≈≈≈≈≈≈..
#..................≈≈≈≈≈;≈.≈.
#..........###'#....≈≈≈≈.≈≈≈≈
#.........÷#...#....≈.≈.≈≈≈≈≈
#.........[#...#...≈.≈..≈≈≈≈≈
#..........#...#...≈.).≈..≈≈≈


You could see a gargoyle.

Vanquished Creatures
  A two-headed ogre (D:9)
  A gargoyle (D:10)
  4 trolls
  A hornet (D:10)
  Grinder (D:3)
  A hippogriff (D:10)
  Sigmund (D:4)
  3 wraiths
  3 hungry ghosts
  A sky beast (D:8)
  3 ice beasts
  A necrophage (D:7)
  3 orc warriors
  A black bear (D:8)
  3 ogres
  2 wolves (D:10)
  3 phantoms
  4 centaurs
  A crocodile (D:10)
  A big kobold (D:8)
  Blork the orc (D:9)
  2 bullfrogs
  A gnoll sergeant (D:10)
  2 scorpions
  A water moccasin skeleton (D:4)
  18 killer bees (D:8)
  A troll zombie (D:10)
  6 wights
  3 howler monkeys (D:9)
  3 crimson imps
  2 quasits
  3 centaur zombies
  7 hounds
  A human zombie (D:7)
  11 orc priests
  A bullfrog skeleton (D:6)
  3 orc wizards
  Jessica (D:3)
  3 iguanas
  7 worker ants
  A killer bee zombie (D:8)
  6 ogre zombies
  4 mummies (D:7)
  A worker ant zombie (D:10)
  10 gnolls
  9 adders
  2 shadow imps (D:9)
  2 adder skeletons
  An adder zombie (D:7)
  3 worms
  6 leopard geckos
  32 orcs
  2 ball pythons
  12 bats
  3 giant cockroaches
  5 goblins
  4 hobgoblins
  16 jackals
  5 kobolds
  3 quokkas
  3 frilled lizards
  A goblin skeleton (D:10)
  3 goblin zombies (D:10)
  A hobgoblin skeleton (D:10)
  A jackal zombie (D:8)
  2 orc skeletons
  4 orc zombies (D:10)
  5 rats
263 creatures vanquished.

Notes
Turn   | Place    | Note
-------+----------+-------------------------------------------
     0 | D:1      | gruber the Octopode Conjurer began the quest for the Orb.
     0 | D:1      | Reached XP level 1. HP: 11/11 MP: 3/3
   154 | D:1      | Reached XP level 2. HP: 17/17 MP: 3/5
   815 | D:1      | Reached XP level 3. HP: 21/21 MP: 2/6
  1071 | D:2      | Reached skill level 5 in Conjurations
  1084 | D:2      | Found a sacrificial altar of Ru.
  1113 | D:2      | Learned a level 2 spell: Searing Ray
  1117 | D:2      | Learned a level 3 spell: Dazzling Flash
  1557 | D:2      | Reached XP level 4. HP: 27/27 MP: 0/7
  1945 | D:2      | Found a faded altar of an unknown god.
  2287 | D:2      | Found a sparkling altar of Nemelex Xobeh.
  2566 | D:3      | Noticed Grinder
  2579 | D:3      | Killed Grinder
  2579 | D:3      | Reached XP level 5. HP: 2/31 MP: 0/8
  2579 | D:3      | Reached XP level 6. HP: 3/36 MP: 0/9
  3343 | D:3      | Found an opulent altar of Gozag.
  3426 | D:3      | Noticed Jessica
  3436 | D:3      | Killed Jessica
  3574 | D:4      | Noticed Sigmund
  3688 | D:4      | Reached XP level 7. HP: 41/41 MP: 3/10
  3797 | D:4      | Killed Sigmund
  4377 | D:4      | Found a glowing silver altar of Zin.
  4504 | D:5      | Entered Level 5 of the Dungeon
  4720 | D:5      | Reached skill level 5 in Spellcasting
  4720 | D:5      | Reached XP level 8. HP: 46/46 MP: 6/15
  4869 | D:5      | Found a shimmering altar of Xom.
  5078 | D:5      | Found a radiant altar of Vehumet.
  5080 | D:5      | Found a hide-covered altar of Uskayaw.
  5588 | D:6      | Found a shattered altar of Ashenzari.
  5672 | D:6      | Found Honok's Humungous Hoard.
  5679 | D:6      | Bought a +1 hat for 143 gold pieces
  5679 | D:6      | Bought a potion of heal wounds for 65 gold pieces
  5789 | D:6      | Found a glowing golden altar of the Shining One.
  6580 | D:5      | Found a stormy altar of Qazlal.
  6580 | D:5      | Found a white marble altar of Elyvilon.
  6583 | D:5      | Found a shadowy altar of Dithmenos.
  6584 | D:5      | Became a worshipper of Vehumet
  6830 | D:7      | Learned a level 3 spell: Stone Arrow
  6835 | D:7      | Learned a level 4 spell: Petrify
  6863 | D:7      | Reached XP level 9. HP: 26/51 MP: 7/19
  7092 | D:7      | Found a staircase to the Ecumenical Temple.
  7115 | D:7      | Reached skill level 1 in Shields
  7228 | D:7      | Got an ancient rapier
  7476 | D:8      | Identified the +6 rapier "Nuhown" {vorpal, Dex+2} (You
                  | found it on level 7 of the Dungeon)
  7883 | D:8      | Reached skill level 5 in Shields
  8094 | D:8      | Reached * piety under Vehumet
  8094 | D:8      | Offered knowledge of Freeze by Vehumet.
  8515 | D:8      | Reached skill level 1 in Fighting
  8546 | D:8      | Reached XP level 10. HP: 40/61 MP: 13/20
  8853 | D:8      | Found a blossoming altar of Fedhas.
  9782 | D:7      | Found a bloodstained altar of Trog.
 10263 | D:7      | Reached skill level 5 in Fighting
 10705 | D:7      | Found an ancient bone altar of Kikubaaqudgha.
 11214 | D:9      | Offered knowledge of Shock by Vehumet.
 11242 | D:9      | Found a snail-covered altar of Cheibriados.
 11311 | D:9      | Reached ** piety under Vehumet
 11459 | D:9      | Noticed Blork the orc
 11466 | D:9      | Killed Blork the orc
 11466 | D:9      | Reached skill level 3 in Stealth
 11499 | D:9      | Found a shimmering blue altar of Sif Muna.
 11652 | D:9      | Reached skill level 4 in Stealth
 11766 | D:9      | Noticed a two-headed ogre
 11773 | D:9      | Killed a two-headed ogre
 11773 | D:9      | Reached skill level 6 in Stealth
 11939 | D:9      | Reached skill level 7 in Stealth
 12099 | D:9      | Reached skill level 8 in Stealth
 12235 | D:10     | Entered Level 10 of the Dungeon
 12336 | D:10     | Reached XP level 11. HP: 75/75 MP: 12/21
 12402 | D:10     | Reached skill level 9 in Stealth
 12549 | D:10     | Reached skill level 10 in Stealth
 12726 | D:10     | Offered knowledge of Frozen Ramparts by Vehumet.
 12730 | D:10     | Reached skill level 1 in Earth Magic
 12736 | D:10     | Learned a level 3 spell: Frozen Ramparts
 13009 | D:10     | Reached *** piety under Vehumet
 13325 | D:10     | Reached skill level 1 in Ice Magic
 13355 | D:10     | Offered knowledge of Mephitic Cloud by Vehumet.
 13518 | D:10     | Learned a level 3 spell: Mephitic Cloud
 13615 | D:10     | Killed from afar by a gargoyle

Illustrated notes

Levels and vault maps discovered:
D:1:      kennysheep_arrival_forest, layout_basic
D:2:      layout_loops_corners, nicolae_ru_sacrificial_ziggurat,
          lemuel_coloured_pillars_altar, chequers_ecumenical_altar_simple_redux
D:3:      layout_rooms, old_standard_altar, kennysheep_decorative_pillar,
          uniq_grinder, uniq_jessica
D:4:      layout_rooms, zin_academy, first_ration, uniq_sigmund
D:5:      lemuel_ice_spiral_2, layout_basic, brannock_xom_greatest_gift,
          nicolae_overflow_hidden_temple, minmay_strange_pillars,
          kennysheep_cross_room
D:6:      layout_loops_cross, kennysheep_little_box,
          nicolae_ashenzari_panopticon, nicolae_alphabet_shops,
          grunt_ministairs_4
D:7:      layout_layer_cave, lemuel_mausoleum_altar_kikubaaqudgha,
          minmay_temple_entry_grid, basic_altar
D:8:      layout_loops_ring, fedhas_altar_2, blue_anna_alchemist
          [blue_anna_fruit_fields, blue_anna_fruit_fields]
D:9:      layout_roguey, tgw_sif, nicolae_overflow_crystal_walls
D:10:     layout_irregular_city, erik_lair_island, zombieorc1_lemuel,
          minmay_bent

Skill      XL: |  1  2  3  4  5  6  7  8  9 10 11 |
---------------+----------------------------------+-----
Conjurations   | 5 7 8 9 |  9.1
Spellcasting   | 5 7 |  7.2
Shields        | 7 |  7.5
Fighting       | 2 7 |  7.3
Stealth        | 8 10 | 10.0
Earth Magic    | 3 |  3.1
Ice Magic      | 3 |  3.1
Dodging        | |  2.0

Action                   |  1- 3 |  4- 6 |  7- 9 | 10-12 || total
-------------------------+-------+-------+-------+-------++-------
Melee: Unarmed           |     7 |       |       |       ||     7
       Constrict         |     4 |    17 |    10 |    13 ||    44
       Tentacles         |     2 |    11 |     6 |    16 ||    35
       Short sword       |     8 |    60 |    19 |       ||    87
       Spear             |       |       |    12 |       ||    12
       Rapier            |       |       |    12 |    63 ||    75
 Cast: Magic Dart        |    60 |    19 |    19 |    32 ||   130
       Searing Ray       |       |     8 |    62 |    81 ||   151
       Dazzling Flash    |       |       |     4 |     1 ||     5
       Stone Arrow       |       |       |       |    14 ||    14
Evoke: Wand              |       |     1 |     5 |       ||     6
  Use: Scroll            |       |       |     3 |     9 ||    12
 Stab: Sleeping          |     1 |     3 |     3 |     2 ||     9
       Invisible         |       |       |       |     1 ||     1
  Eat: Chunk             |     3 |     7 |    15 |    14 ||    39
       Ration            |       |       |       |     1 ||     1
Armor: Skin              |     4 |    10 |    11 |    10 ||    35
Dodge: Dodged            |    14 |    47 |    58 |    83 ||   202
Block: Buckler           |       |       |    15 |    29 ||    44
